 Dungeon Crawl Stone Soup version 0.31-a0-229-g1fc7ce93e2 (webtiles) character file.

Game seed: 12599212918300252614

70 7w4c the Charlatan (level 3, -1/28 HPs)
             Began as a Demigod Artificer on July 6, 2023.
             Killed from afar by an electric eel (8 damage)
             ... with a bolt of electricity
             ... on level 3 of the Dungeon.
             The game lasted 00:06:26 (1862 turns).

7w4c the Charlatan (Demigod Artificer)              Turns: 1862, Time: 00:06:27

Health: -1/28      AC:  6    Str: 13    XL:     3   Next: 76%
Magic:  0/5        EV: 10    Int: 22    God:
Gold:   141        SH:  0    Dex: 14    Spells: 2/2 levels left

rFire   + + .        f - +5 hand axe of Ru's Pride {flame, rPois rF++ Int+5}
rCold   . . .        (no shield)
rNeg    + . .        g - +1 ring mail
rPois   +            (no helmet)
rElec   .            (no cloak)
rCorr   .            (no gloves)
SInv    .            (no boots)
Will    .....        p - amulet of guardian spirit
Stlth   +            b - ring of positive energy
HPRegen 0.24/turn    (no ring)
MPRegen 0.09/turn

%: guardian spirit
@: no status effects
A: high MP 1, forlorn, divine attributes
a: no special abilities


You were on level 3 of the Dungeon.
You visited 1 branch of the dungeon, and saw 3 of its levels.

You collected 141 gold pieces.

Inventory:

Hand Weapons
 f - the +5 hand axe of Ru's Pride (weapon) {flame, rPois rF++ Int+5}
   (You found it on level 3 of the Dungeon)

   Int:       It affects your intelligence (+5).
   rF:        It greatly protects you from fire.
   rPois:     It protects you from poison.
Missiles
 n - 5 poisoned darts
Armour
 g - a +1 ring mail (worn)
Jewellery
 b - a ring of positive energy (left hand)
 p - an amulet of guardian spirit (around neck)
Wands
 c - a wand of flame (35) (quivered)
 d - a wand of charming (15)
 e - a wand of iceblast (5)
Scrolls
 i - a scroll of fear
 j - a scroll of vulnerability
 l - a scroll of poison
 m - a scroll of blinking
 s - a scroll of revelation {unknown}
Potions
 a - a potion of magic {unknown}
 h - a potion of degeneration {unknown}
 k - a potion of lignification {unknown}
 o - a potion of curing {unknown}
 q - a potion of might {unknown}
 r - 2 potions of attraction {unknown}
 t - a potion of enlightenment {unknown}


   Skills:
 + Level 1.0 Fighting
 + Level 1.5 Maces & Flails
 + Level 2.4 Armour
 + Level 1.5 Dodging
 + Level 0.9 Stealth
 + Level 3.2 Evocations


You had 2 spell levels left.
You didn't know any spells.
Your spell library contained the following spells:

 Spells                   Type           Power      Damage    Failure   Level
 Poisonous Vapours        Pois/Air       0%         N/A       45%         2
 Gell's Gravitas          Tloc           0%         N/A       71%         3
 Mephitic Cloud           Conj/Pois/Air  0%         N/A       71%         3
 Teleport Other           Tloc           0%         N/A       71%         3
 Freezing Cloud           Conj/Ice/Air   0%         6-21      100%        5
 Dispersal                Tloc           0%         N/A       100%        6
 Malign Gateway           Summ/Tloc      0%         N/A       100%        7
 Summon Horrible Things   Summ           0%         N/A       100%        8


Dungeon Overview and Level Annotations

Branches:
Dungeon (3/15)

Annotations:
D:3 1 transporter


Innate Abilities, Weirdness & Mutations

You have an increased reservoir of magic. (+10% MP)
You shall have no god before yourself.
Your divine heritage dramatically boosts your attributes as you level up.


Message History

You kill the hobgoblin!
An adder comes into view.
You see here a hobgoblin corpse.
Found 13 gold pieces.
You barely miss the adder. The adder bites you.
You hit the adder. You burn the adder.
The adder is severely wounded.
The adder bites you but does no damage. The adder misses you.
You closely miss the adder.
The adder is severely wounded.
The adder misses you. The adder closely misses you.
You slash the adder! You burn the adder.
You kill the adder!
You see here an adder corpse.
Found a bubbling red potion.
Found a stone staircase leading down.
Found a transporter.
You now have 141 gold pieces (gained 13).
There are no items here.
There is a transporter landing site here.
k - a bubbling red potion
There are no items here.
There is a transporter landing site here.
You can't go down here!
Found a wand of flame (26).
Found a transporter.
Found a stone staircase leading up.
There is a transporter here.
You enter the transporter and appear at another place.
c - a wand of flame (35) (gained 26 charges)
There are no items here.
You open the door.
The electric eel shoots out a bolt of lightning at you!
The bolt of electricity hits you. The bolt of electricity hits you!
There is an open door here.
The electric eel shoots out a bolt of lightning at you!
The bolt of electricity hits you!
* * * LOW HITPOINT WARNING * * *
The electric eel shoots out a bolt of lightning at you!
The bolt of electricity hits you!
You die...

...#.... ...#... .......
.....> .......
.....#####.....#######
.....................#
.....###############.#
...#.#8P#~~~~~~~#P8#.##
.....#..#.......#..#..##
....©#©?+...♣...@.©#©..#
.#...#..#.......#..#...#
.#...#8P#~~~~~SS#P8#.#.#
.....###############...#
.#.....................#
........#############..#
.#......# #..# ........#
#..# ........# #<.#


You could see 2 electric eels.

Vanquished Creatures
  3 adders
  A dart slug (D:2)
  8 bats
  6 endoplasms
  3 giant cockroaches (D:1)
  2 goblins
  2 hobgoblins
  A kobold (D:1)
  2 quokkas (D:2)
  4 ball pythons
  3 frilled lizards
  4 rats
39 creatures vanquished.

Notes
Turn   | Place    | Note
-------+----------+-------------------------------------------
     0 | D:1      | 7w4c the Demigod Artificer began the quest for the Orb.
     0 | D:1      | Reached XP level 1. HP: 15/15 MP: 3/3
   135 | D:1      | Reached skill level 3 in Evocations
   359 | D:1      | Reached XP level 2. HP: 22/22 MP: 4/4
   437 | D:1      | Reached skill level 1 in Dodging
   830 | D:2      | Reached skill level 1 in Fighting
  1014 | D:2      | Reached XP level 3. HP: 26/28 MP: 5/5
  1023 | D:2      | Reached skill level 1 in Maces & Flails
  1774 | D:3      | Identified the +5 hand axe of Ru's Pride {flame, rPois rF++
                  | Int+5}
  1818 | D:3      | Found a transporter.
  1842 | D:3      | Found a transporter.
  1862 | D:3      | Killed from afar by an electric eel

Illustrated notes

Levels and vault maps discovered:
D:1:      minmay_arrival_glassed_features, layout_loops_ring,
          shapermc_ecumenical_altar_mp_vishouse, minmay_lizard_pond
D:2:      layout_basic
D:3:      gammafunk_steamed_eel, layout_basic

Skill      XL: |  1  2  3 |
---------------+----------+-----
Evocations     | 3 |  3.2
Dodging        | 1 |  1.5
Armour         | 2 |  2.4
Fighting       | 1 |  1.0
Maces & Flails | 1 |  1.5
Stealth        | |  0.9

Action                     || total
---------------------------++-------
  Melee: Club              ||    31
         Whip              ||   133
         Punch             ||     3
         Hand axe          ||     6
  Evoke: Wand              ||     6
    Use: Scroll            ||     6
   Stab: Sleeping          ||     1
 Armour: Ring mail         ||    82
         Leather armour    ||     8
  Dodge: Dodged            ||   149

Table legend: (Time is in decaauts)
 A = Elapsed time spent in this place.
 B = Non-inter-level travel time spent in this place.
 C = Inter-level travel time spent in this place.
 D = Time resting spent in this place.
 E = Time spent auto-exploring this place.
 F = Levels seen in this place.
 G = Mean time per level.
                   A        B        C        D        E       F      G
               +--------+--------+--------+--------+--------+-----+--------+
         Total |   1878 |   1785 |     93 |      0 |   1124 |   3 |  626.0 |
       Dungeon |   1878 |   1785 |     93 |      0 |   1124 |   3 |  626.0 |
               +--------+--------+--------+--------+--------+-----+--------+

Top non-repeatable levels by time:
     D:2: 1010 daAuts
     D:1: 696 daAuts
     D:3: 171 daAuts
